 Dungeon Crawl Stone Soup version 0.20.1-1-g8b1a95d (webtiles) character file.

5829 manon the Carver (level 10, -2/70 HPs)
             Began as a Demonspawn Fighter on Sept 7, 2017.
             Was a Believer of Ashenzari.
             Killed from afar by an orc sorcerer (8 damage)
             ... with a bolt of fire
             ... on level 9 of the Dungeon.
             The game lasted 01:04:02 (8539 turns).

manon the Carver (Demonspawn Fighter)               Turns: 8539, Time: 01:04:03

Health: -2/70      AC: 13    Str: 17    XL:     10   Next: 51%
Magic:  14/14      EV: 17    Int: 10    God:    Ashenzari [**....]
Gold:   41         SH: 10    Dex: 20    Spells: 8/9 levels left

rFire    . . .     SeeInvis +   a - +0 long sword
rCold    + . .     Gourm    .   c - +0 shield (curse)
rNeg     + . .     Faith    .   z - +1 scale mail {rN+} (curse)
rPois    .         Spirit   .   (no helmet)
rElec    +         Reflect  .   C - scarf {cloud immunity}
rCorr    .         Harm     .   u - +0 pair of gloves
MR       .....                  m - +0 pair of boots
Stlth    +.........             (no amulet)
Regen    0.3/turn               j - ring of see invisible
MPRegen  0.2/turn               (no ring)

@: agile, very slightly contaminated, drained
A: thin metallic scales 3, cold resistance 1, demonic guardian 1, freezing cloud
immunity
a: Curse Item, Scrying, Renounce Religion


You were on level 9 of the Dungeon.
You worshipped Ashenzari.
Ashenzari was pleased with you.
You were hungry.

You visited 3 branches of the dungeon, and saw 11 of its levels.

You collected 624 gold pieces.
You spent 583 gold pieces at shops.

Inventory:

Hand Weapons
 a - a +0 long sword (weapon)
 b - a +0 fustibalus
 d - a +0 great sword
 y - a +0 hunting sling
 B - a +0 rapier
Missiles
 h - a throwing net (quivered)
 p - 101 bolts
 x - 26 sling bullets
Armour
 c - a cursed +0 shield (worn)
 m - a +0 pair of boots (worn)
 s - a +0 troll leather armour
 u - a +0 pair of gloves (worn)
 z - a cursed +1 scale mail of positive energy (worn)
 C - a scarf of cloud immunity (worn)
 P - a +0 large shield
Jewellery
 j - a ring of see invisible (left hand)
Wands
 N - a wand of iceblast (11/15)
Scrolls
 e - a scroll of identify
 k - a scroll of fog
 l - 4 scrolls of magic mapping
 n - 4 scrolls of remove curse
 o - 2 scrolls of enchant weapon
 v - a scroll of fear {unknown}
 D - 2 scrolls of vulnerability
 F - 2 scrolls of random uselessness
 H - 2 scrolls of blinking {unknown}
 I - a scroll of summoning {unknown}
 K - 3 scrolls of teleportation
 O - a scroll of enchant armour {unknown}
Potions
 i - a potion of invisibility
 r - a potion of degeneration
 w - 2 potions of flight {unknown}
 E - a potion of brilliance
 G - a potion of magic {unknown}
 J - 2 potions of mutation {unknown}
 M - 2 potions of lignification
Comestibles
 f - 6 bread rations
 g - 5 fruits
 q - 4 royal jellies
 A - 6 meat rations


   Skills:
 - Level 3.0(2.6) Fighting
 * Level 11.1(10.7) Long Blades
 - Level 2.6(2.3) Armour
 + Level 7.2(6.8) Dodging
 + Level 3.1(4.0) Shields
 - Level 6.0(5.6) Evocations


You had 8 spell levels left.
You knew the following spells:

 Your Spells              Type           Power        Failure   Level  Hunger
a - Apportation           Tloc           #.....       99%         1    ##.....


Dungeon Overview and Level Annotations

Branches:
Dungeon (9/15)             Temple (1/1) D:5            Lair (0/6) D:9
    Orc (1/2) D:9

Altars:
Ashenzari
Dithmenos
Elyvilon
Hepliaklqana
Kikubaaqudgha
Makhleb
Nemelex Xobeh
Okawaru
Qazlal
Ru
Uskayaw
Vehumet
Xom
Yredelemnul
Zin
The Shining One

Shops:
D:4 (   D:5 (   D:9 }!?**


Innate Abilities, Weirdness & Mutations

You are completely covered in thin metallic scales. (AC +4, rElec)
Your flesh is cold resistant. (rC+)
A weak demonic guardian rushes to your aid.
You are immune to freezing clouds.


Message History

Your summoned ally is left behind.
The orange demon disappears in a puff of smoke!
The neqoxec disappears in a puff of smoke!
There is a staircase to the Orcish Mines here.
You flicker back into view.
Your quasit closely misses the orc sorcerer.
Your quasit barely misses the orc sorcerer.
Your quasit claws the orc sorcerer but does no damage.
The orc sorcerer completely misses your quasit.
Your quasit bites the orc sorcerer.
Your quasit claws the orc sorcerer but does no damage.
Your quasit claws the orc sorcerer.
The orc sorcerer points at you and mumbles some strange words.
The bolt of negative energy misses you.
Your quasit misses the orc sorcerer.
Your quasit completely misses the orc sorcerer.
Your quasit claws the orc sorcerer but does no damage.
The orc sorcerer casts a spell at you. The bolt of fire hits you!
You die...

#...................[#)#.....#
#....................).#.....# *
*#........#############.#######
.........'....................
............#...#.............#..
#############...#.............#..
................#.............#..
......###..........5..........#..
......#∩'.......@...o..>...†.....
......###.......#...T............
................#.............#..
................#.............#..
.)..............#.............#..
.................................
......#####......................
#####'#...#...........#######....
..........####........#.....#....


You could see a troll, an orc sorcerer and a friendly quasit.

Vanquished Creatures
  Maurice (D:8)
  A gargoyle (D:9)
  A troll (D:9)
  A hornet (D:9)
  A hippogriff (D:9)
  2 yaks (D:9)
  A wraith (D:9)
  An orc warrior (D:7)
  3 phantoms
  A sky beast (D:9)
  2 black bears
  3 ogres
  2 centaurs
  4 bullfrogs
  An elf zombie (D:9)
  An elf skeleton (D:9)
  2 gnoll sergeants
  A water moccasin skeleton (D:9)
  8 killer bees
  4 wights (D:8)
  2 howler monkeys
  7 crimson imps
  A centaur zombie (D:9)
  3 human zombies (D:9)
  3 hounds
  7 orc priests
  A centaur skeleton (D:5)
  A human skeleton (D:9)
  2 iguanas
  7 worker ants
  3 orc wizards
  An ogre zombie (D:9)
  An ogre skeleton (D:9)
  A hound skeleton (D:9)
  A mummy (D:9)
  2 worker ant zombies
  A howler monkey skeleton (D:7)
  9 gnolls
  10 adders
  A shadow imp (D:5)
  3 oozes
  2 adder zombies
  An adder skeleton (D:4)
  3 worms
  A dart slug (D:2)
  5 leopard geckos
  34 orcs
  7 bats
  8 giant cockroaches
  10 goblins
  5 hobgoblins
  16 jackals
  A quokka (D:4)
  3 frilled lizards
  11 kobolds
  An orc skeleton (D:9)
  11 rats
227 creatures vanquished.

Vanquished Creatures (collateral kills)
  A two-headed ogre (D:9)
  A yak (D:9)
  A black bear (D:8)
  2 ogres
  A centaur (D:5)
  A crocodile (D:8)
  A scorpion (D:4)
  2 killer bees (D:9)
  An orc priest (D:8)
  A hound zombie (D:5)
  A mummy (D:9)
  2 gnolls (D:2)
  An ooze (D:5)
  5 orcs
  A hobgoblin (D:4)
  A frilled lizard (D:2)
23 creatures vanquished.

Grand Total: 250 creatures vanquished

Notes
Turn   | Place    | Note
-------+----------+-------------------------------------------
     0 | D:1      | manon the Demonspawn Fighter began the quest for the Orb.
     0 | D:1      | Reached XP level 1. HP: 18/18 MP: 1/1
    17 | D:1      | Reached skill level 2 in Long Blades
   306 | D:1      | Gained mutation: A weak demonic guardian rushes to your aid. [demonic ancestry]
   306 | D:1      | Reached XP level 2. HP: 22/24 MP: 2/2
   739 | D:1      | Reached XP level 3. HP: 29/29 MP: 3/3
   750 | D:1      | Reached skill level 3 in Long Blades
   865 | D:2      | Reached skill level 1 in Dodging
  1082 | D:2      | Gained mutation: You are partially covered in thin metallic scales. (AC +2) [demonic ancestry]
  1082 | D:2      | Reached XP level 4. HP: 35/35 MP: 4/4
  1652 | D:3      | Reached skill level 4 in Long Blades
  1968 | D:3      | Gained mutation: You are mostly covered in thin metallic scales. (AC +3) [demonic ancestry]
  1968 | D:3      | Reached XP level 5. HP: 39/41 MP: 5/5
  2111 | D:4      | Found Fijaxzin's Antique Weapon Shop.
  2187 | D:4      | Noticed a centaur
  2199 | D:4      | Killed a centaur
  2253 | D:4      | Reached skill level 5 in Long Blades
  2336 | D:4      | Reached XP level 6. HP: 47/47 MP: 6/6
  2771 | D:4      | Bought a rapier for 124 gold pieces
  2776 | D:5      | Entered Level 5 of the Dungeon
  2858 | D:5      | Found Onwuruh's Weapon Shoppe.
  3540 | D:5      | Got a jewelled whip
  3541 | D:5      | Identified the cursed +1 whip of Gozag's Benevolence {freeze, Int-4 Dex+7} (You found it on level 5 of the Dungeon)
  3606 | D:5      | Reached skill level 6 in Long Blades
  3638 | D:5      | Reached XP level 7. HP: 50/52 MP: 7/7
  3657 | D:5      | Found a staircase to the Ecumenical Temple.
  3666 | Temple   | Entered the Ecumenical Temple
  3697 | Temple   | Became a worshipper of Ashenzari the Shackled
  4064 | D:6      | Reached skill level 7 in Long Blades
  4221 | D:6      | Learned a level 1 spell: Apportation
  4329 | D:6      | Gained mutation: Your flesh is cold resistant. (rC+) [demonic ancestry]
  4329 | D:6      | Reached XP level 8. HP: 47/58 MP: 8/8
  4382 | D:6      | Reached * piety under Ashenzari
  4588 | D:7      | Reached skill level 1 in Evocations
  4601 | D:7      | Reached skill level 8 in Long Blades
  5012 | D:7      | Reached skill level 5 in Dodging
  5214 | D:7      | Found a white marble altar of Elyvilon.
  5493 | D:8      | Noticed Maurice
  5515 | D:8      | Killed Maurice
  5515 | D:8      | Reached skill level 9 in Long Blades
  5515 | D:8      | Gained mutation: You are completely covered in thin metallic scales. (AC +4, rElec) [demonic ancestry]
  5515 | D:8      | Reached XP level 9. HP: 55/63 MP: 11/11
  5970 | D:8      | Reached ** piety under Ashenzari
  6431 | D:9      | Found a staircase to the Lair.
  6564 | D:9      | Found a staircase to the Orcish Mines.
  6764 | D:9      | Reached skill level 10 in Long Blades
  6786 | D:9      | Reached skill level 5 in Evocations
  7059 | D:9      | Noticed a two-headed ogre
  7083 | D:9      | Killed a two-headed ogre
  7083 | D:9      | Gained mutation: You are immune to freezing clouds. [demonic ancestry]
  7083 | D:9      | Reached XP level 10. HP: 35/70 MP: 13/13
  7411 | D:9      | Found Hour's General Store.
  7444 | D:9      | Bought a scroll of fog for 24 gold pieces
  7444 | D:9      | Bought a potion of degeneration for 12 gold pieces
  7444 | D:9      | Bought a potion of heal wounds for 60 gold pieces
  7444 | D:9      | Bought a scroll of vulnerability for 90 gold pieces
  7624 | D:9      | Found an ancient bone altar of Kikubaaqudgha.
  7760 | D:9      | Found Iketh's Distillery.
  7963 | D:9      | Bought a potion of brilliance for 60 gold pieces
  7963 | D:9      | Bought a potion of curing for 45 gold pieces
  7963 | D:9      | Bought a potion of lignification for 45 gold pieces
  7963 | D:9      | Bought a potion of heal wounds for 75 gold pieces
  7975 | D:9      | Noticed a gargoyle
  7987 | D:9      | Killed a gargoyle
  8042 | D:9      | Found Ypuocoq's Gadget Shop.
  8142 | D:9      | Paralysed by a hornet for 3 turns
  8147 | D:9      | Reached skill level 11 in Long Blades
  8162 | D:9      | Found Zofud's Magic Scroll Shoppe.
  8169 | D:9      | Bought a scroll of random uselessness for 12 gold pieces
  8169 | D:9      | Bought a scroll of teleportation for 36 gold pieces
  8187 | D:9      | Found Mualoc's General Store.
  8503 | Orc:1    | Entered Level 1 of the Orcish Mines
  8507 | Orc:1    | Noticed an orc sorcerer
  8523 | Orc:1    | Noticed an orange demon
  8539 | D:9      | Killed from afar by an orc sorcerer

Skill      XL: |  1  2  3  4  5  6  7  8  9 10 |
---------------+-------------------------------+-----
Long Blades    | 2 3 4 5 6 7 9 10 11 | 11.1
Dodging        | 1 2 3 4 5 6 7 |  7.2
Evocations     | 3 5 6 |  6.0
Shields        | 3 |  3.1
Fighting       | |  3.0
Armour         | |  2.6

Action                   |  1- 3 |  4- 6 |  7- 9 | 10-12 || total
-------------------------+-------+-------+-------+-------++-------
Melee: Long sword        |   103 |   285 |   493 |   272 ||  1153
 Fire: Fustibalus        |       |       |       |     6 ||     6
Invok: Curse Item        |       |       |     2 |       ||     2
Evoke: Wand              |       |       |     3 |     2 ||     5
  Use: Potion            |       |     3 |    10 |     7 ||    20
       Scroll            |       |     6 |     3 |     1 ||    10
 Stab: Distracted        |       |     1 |     3 |       ||     4
       Sleeping          |       |       |     1 |       ||     1
       Invisible         |       |       |     2 |     6 ||     8
  Eat: Chunk             |     1 |     6 |    11 |     4 ||    22
       Fruit             |       |     2 |     2 |     1 ||     5
Armor: Scale mail        |    50 |   127 |   160 |    81 ||   418
Dodge: Dodged            |    38 |    84 |   194 |   111 ||   427
Block: Shield            |    54 |   109 |   215 |   111 ||   489
       Rpst.: Long sword |     8 |    27 |    65 |    35 ||   135
